Minoru, lawful male human Samurai ---- --- ---- |..| ----.-- #---..| ---..--- --- --.....| #-.|...-- |......---- ---.--- |......-#-- #-#-......*| --.........| |.....| |.......|.----.|.....-.-| |.)).)..--.| ---.....--- |...........|.....^.....| ---.(---.----- |.........--- ----- --- --............^.........--|....| --- |..........>| |...---.-- --.---.......---........--.--.| --..........| --........| --- --.....#|###-.........||.| ------- --.........---........-- --.....# --....#----%%| --.|.|.-- --- |......--......--..--- |....-- #...B.## #|.| |.......| --.--|......----^...|---- -#-..#- #.....#####.| --......| |....|-......| |..--- --...#- ###.#....| |.---|......|--....|-..)...------ ------- |.....#q#...|--.--- |..%--.....--|....-|........| |..--.----------.....@##.##- |..[|----%......-- --..-||-......-- --.......................| --..--..|...---.-----...--.......-- --...--------..........-| --.....------ |..--....%..........| --.-- |.#.........| |.....-- |.......).....%.---.| --- ----h.|.---.| ---*--- --.----..--.----- --- ----- --- --- --- ------- Minoru the Ninja Experience level: 7 Strength: 11 Dexterity: 16 Constitution: 18 Intelligence: 11 Wisdom: 9 Charisma: 7 Health: 0(68) Energy: 25(25) Def: 9 Gold: 238 Moves: 3624 Dungeon seed: n2G3S6XPiV3drNi8 Game ID: Minoru_1528793856 Your Inventory: Coins $ - 238 gold pieces Weapons a - an uncursed +0 katana b - an uncursed +0 wakizashi c - an uncursed +0 yumi (alternate weapon; not wielded) d - 21 uncursed +0 ya (in quiver) i - an uncursed +0 long sword v - 4 blessed +0 arrows D - 87 uncursed +0 arrows S - the uncursed rustproof +0 Snickersnee (weapon in hand) X - 4 uncursed +1 arrows Armor e - an uncursed rustproof +0 splint mail (being worn) n - an uncursed +0 orcish cloak named noncursed (being worn) r - an uncursed +0 kabuto named noncursed (being worn) u - an uncursed +0 pair of iron shoes (being worn) Comestibles f - 2 uncursed tins of spinach g - an uncursed lichen corpse h - an uncursed tripe ration Scrolls k - an uncursed scroll of enchant armor p - an uncursed scroll of identify Rings l - an uncursed ring of warning Tools O - an uncursed stethoscope P - an uncursed skeleton key W - 5 uncursed tallow candles (0:200) Y - an uncursed wax candle (0:400) Gems q - an uncursed worthless piece of white glass y - an uncursed worthless piece of green glass Spells and supernatural/magical abilities: Name Level Category Fail Memory n - detect monsters 1 divination 100% 96% r - remove curse 3 clerical 100% 96% W - pray for help -- divine ? -- Your skills at the end: Fighting Skills martial arts [Basic] Weapon Skills short sword [Basic] long sword [Skilled] bow [Basic] Spellcasting Skills Final Attributes: You were piously aligned. You were fast. You are dead. Vanquished creatures: a small mimic a crocodile a panther an iron piercer a giant spider a gnome king a lizard a dingo a blue jelly a wood nymph a rock mole a fog cloud 8 gnome lords 2 gnomish wizards 2 barrow wights a little dog a dwarf a rabid rat an acid blob 3 coyotes a hobbit 6 manes 2 cave spiders a yellow mold 35 gnomes 2 gnome zombies 3 geckos 4 jackals a kobold 3 goblins 4 sewer rats 3 grid bugs 3 lichens 3 newts 102 creatures vanquished. Voluntary challenges: You used a wielded weapon 156 times, starting on turn 15. You read items or engraved 11 times, starting on turn 2740. You never genocided any monsters. You never polymorphed an object. You never changed form. You used no wishes. You never split a pudding. You never wrote Elbereth's name. You never violated your personal moral code. Dungeon overview: The Dungeons of Doom: levels 1 to 5 Level 1 some fountains a long staircase Level 2 a general store, some fountains Level 3 a general store Level 4 some altars to Amaterasu Omikami and Raijin, some fountains stairs to The Gnomish Mines Level 5 The Gnomish Mines: levels 5 to 10 Level 5 stairs to The Dungeons of Doom Level 6 Level 7 Level 8 many shops, a temple to Amaterasu Omikami, some fountains Level 9 <- You were here Level 10 History has recorded: On T:1 you entered the Dungeons of Doom to retrieve the Amulet of Yendor! On T:84 you reached level 2 of The Dungeons of Doom. On T:438 you reached level 3 of The Dungeons of Doom. On T:475 you advanced to experience level 2. On T:592 you advanced to experience level 3. On T:870 you reached level 4 of The Dungeons of Doom. On T:1224 you reached level 5 of The Dungeons of Doom. On T:1268 you advanced to experience level 4. On T:1340 you reached level 1 of The Gnomish Mines. On T:1586 you advanced to experience level 5. On T:1749 you reached level 2 of The Gnomish Mines. On T:1927 you advanced to experience level 6. On T:2055 you reached level 3 of The Gnomish Mines. On T:2367 you reached level 4 of The Gnomish Mines. On T:2760 you received Snickersnee from Amaterasu Omikami. On T:2871 you advanced to experience level 7. On T:3116 you reached level 5 of The Gnomish Mines. On T:3323 you reached level 6 of The Gnomish Mines. Score breakdown: Gold: 238 ( 8090 points) Experience: 7 levels (13645 points) Exploration: 10 levels ( 20.00%) (12857 points) Discoveries: 6 items ( 2.44%) ( 4685 points) Valuables value: (no points given unless you survive) Artifact value: 1200 (10475 points) Variety of kills: 34 monsters ( 8.92%) ( 8961 points) Turncount: 3624 turns ( -879 points) Survival: died (score multiplied by 80%) Total score: 46267 Latest messages: Status of the leocrotta (neutral): Level 6 HP 33(33) Def 6. You hit the leocrotta! The leocrotta hits! The leocrotta misses. The leocrotta hits! Status of the leocrotta (neutral): Level 6 HP 25(33) Def 6. You hit the leocrotta! The leocrotta hits! The leocrotta misses. The leocrotta hits! Status of the leocrotta (neutral): Level 6 HP 12(33) Def 6. You miss the leocrotta. The leocrotta hits! The leocrotta bites! The leocrotta hits! Status of the leocrotta (neutral): Level 6 HP 12(33) Def 6. You hit the leocrotta! The leocrotta hits! The leocrotta bites! You die... Final status: Sayonara Minoru the Samurai, killed by a leocrotta... You died in The Gnomish Mines on dungeon level 9 with 46267 points, and 238 pieces of gold, after 3624 moves. You were level 7 with a maximum of 68 hit points when you died.